 Dungeon Crawl Stone Soup version 0.24.0-35-gdb84b6a5db (webtiles) character file.

Game seed: 7766832219480472058, levelgen mode: deterministic

39 Emblim88 the Skirmisher (level 3, -2/29 HPs)
             Began as a Demonspawn Monk on Nov 20, 2019.
             Slain by a goblin (5 damage)
             ... led by Robin
             ... on level 1 of the Dungeon.
             The game lasted 00:03:43 (1249 turns).

Emblim88 the Skirmisher (Demonspawn Monk)           Turns: 1249, Time: 00:03:43

Health: -2/29      AC: 13    Str: 12    XL:     3   Next: 26%
Magic:  3/3        EV:  3    Int: 11    God:
Gold:   30         SH:  0    Dex: 15    Spells: 2/2 levels left

rFire    . . .     SeeInvis .   a - +0 falchion
rCold    . . .     Gourm    .   (no shield)
rNeg     . . .     Faith    .   e - +0 plate armour
rPois    .         Spirit   .   (no helmet)
rElec    .         Reflect  .   (no cloak)
rCorr    .         Harm     .   h - +0 pair of gloves
MR       +....                  (no boots)
Stlth    ..........             (no amulet)
HPRegen  0.09/turn              d - ring of protection from magic
MPRegen  0.08/turn              (no ring)

@: no status effects
A: yellow scales 1, powered by pain 1
a: no special abilities


You were on level 1 of the Dungeon.
You were not hungry.

You visited 1 branch of the dungeon, and saw 2 of its levels.

You collected 30 gold pieces.

Inventory:

Hand Weapons
 a - a +0 falchion (weapon)
Armour
 b - a +0 robe
 e - a +0 plate armour (worn)
 h - a +0 pair of gloves (worn)
Jewellery
 d - a ring of protection from magic (left hand)
Scrolls
 f - a scroll of magic mapping {unknown}
 i - a scroll of identify {unknown}
Potions
 g - a potion of curing {unknown}
Comestibles
 c - a ration


   Skills:
 + Level 3.4 Fighting
 + Level 3.0 Long Blades
 * Level 1.1 Armour
 + Level 3.0 Dodging
 - Level 1.7 Stealth


You had 2 spell levels left.
You didn't know any spells.
Your spell library was empty.

Dungeon Overview and Level Annotations

Branches:
Dungeon (2/15)

Altars:

Annotations:
D:1 Robin


Innate Abilities, Weirdness & Mutations

You are partially covered in yellow scales. (AC +2)
You sometimes gain a little power by taking damage.


Message History

You climb upwards.
There is a stone staircase leading down here.
You hit Robin.
Robin is heavily wounded.
The goblin hits you but does no damage. x2
Your plate armour prevents you from hitting Robin.
Robin is heavily wounded.
The goblin hits you but does no damage. x2
You hit Robin.
Robin is severely wounded.
The goblin hits you.
* * * LOW HITPOINT WARNING * * *
Robin hits you but does no damage. The goblin hits you but does no damage.
You hit Robin.
Robin is almost dead.
The goblin hits you but does no damage. x2
You closely miss Robin.
Robin is almost dead.
The goblin hits you.
You die...

####### #..........#
#.....##########..........#
###.........................#####
........##########...............
#######.....................#####
#######.####..........## ##
#.####...........###.
#..gg#g.............#
#.##@gg.#######..##.#
######.####..# ###.....
########...##.####..######.......
........................)........
############.#############(######
...........#.#...........#.#.....
.####.####.#.#.####.####.#.#.####
....#.#....#.#....#.#....#.#....#
###.#.#.####.####.#.#.####.####.#


You could see Robin, a hobgoblin and 3 goblins.

Vanquished Creatures
  2 dart slugs (D:1)
  A leopard gecko (D:1)
  A ball python (D:1)
  2 giant cockroaches (D:1)
  2 hobgoblins (D:1)
  4 jackals (D:1)
  4 kobolds (D:1)
  6 bats (D:1)
  2 frilled lizards (D:1)
  5 goblins
  A rat (D:1)
30 creatures vanquished.

Notes
Turn   | Place    | Note
-------+----------+-------------------------------------------
     0 | D:1      | Emblim88 the Demonspawn Monk began the quest for the Orb.
     0 | D:1      | Reached XP level 1. HP: 18/18 MP: 1/1
   208 | D:1      | Gained mutation: You sometimes gain a little power by
                  | taking damage. [demonic ancestry]
   208 | D:1      | Reached XP level 2. HP: 19/24 MP: 2/2
   994 | D:1      | Gained mutation: You are partially covered in yellow
                  | scales. (AC +2) [demonic ancestry]
   994 | D:1      | Reached XP level 3. HP: 25/29 MP: 3/3
   995 | D:1      | Reached skill level 1 in Armour
  1235 | D:2      | Noticed Robin
  1249 | D:1      | Slain by a goblin

Levels and vault maps discovered:
D:1:      sevenhm_arrival_forest_fort_large_2, layout_rooms, roderic_lattice_a,
          serial_park_tiny_pond, st_stairs_5
D:2:      layout_rooms, uniq_robin

Skill      XL: |  1  2  3 |
---------------+----------+-----
Long Blades    | 3 |  3.0
Dodging        | 3 |  3.0
Armour         | 1 |  1.1
Fighting       | |  3.4
Stealth        | |  1.7

Action                   || total
-------------------------++-------
Melee: Falchion          ||   135
  Eat: Chunk             ||     1
Armor: Plate armour      ||   177
Dodge: Dodged            ||    29
       Rpst.: Falchion   ||     7
